 Dungeon Crawl Stone Soup version 0.28-a0-199-g298df9dbad (webtiles) character file.

Game seed: 17713324047257814499

1871 rabbitsville the Cleaver (level 8, -2/74 HPs)
             Began as a Minotaur Berserker on Aug 18, 2021.
             Was a Priest of Trog.
             Blown up by Pikel (6 damage)
             ... with a mindburst bolt
             ... on level 6 of the Dungeon on Aug 19, 2021.
             The game lasted 00:26:32 (4710 turns).

rabbitsville the Cleaver (Minotaur Berserker)       Turns: 4710, Time: 00:26:33

Health: -2/74      AC: 17    Str: 25    XL:     8   Next: 90%
Magic:  7/7        EV:  9    Int:  4    God:    Trog [***...]
Gold:   250        SH:  8    Dex:  9    Spells: 7/7 levels left

rFire   . . .      SeeInvis .   a - +0 hand axe
rCold   . . .      Faith    .   x - +0 kite shield
rNeg    . . .      Spirit   .   l - +0 plate armour
rPois   .          Reflect  .   (helmet restricted)
rElec   .          Harm     .   (no cloak)
rCorr   .          Rampage  .   o - +1 pair of gloves
Will    .....                   (no boots)
Stlth   ..........              g - amulet of the acrobat
HPRegen 0.22/turn               G - +4 ring of evasion
MPRegen 0.10/turn               B - +4 ring of protection

@: no status effects
A: horns 2, retaliatory headbutt
a: Renounce Religion, Berserk, Trog's Hand


You were on level 6 of the Dungeon.
You worshipped Trog.
Trog was most pleased with you.
You visited 1 branch of the dungeon, and saw 6 of its levels.

You collected 325 gold pieces.
You spent 75 gold pieces at shops.

Inventory:

Hand Weapons
 a - a +0 hand axe (weapon)
Missiles
 I - a throwing net (quivered)
Armour
 l - a +0 plate armour (worn)
 o - a +1 pair of gloves (worn)
 x - a +0 kite shield (worn)
Jewellery
 g - an amulet of the acrobat (around neck)
 w - a ring of protection from cold
 B - a +4 ring of protection (right hand)
 G - a +4 ring of evasion (left hand)
 J - a ring of willpower
Wands
 p - a wand of iceblast (7)
 u - a wand of acid (8)
Scrolls
 c - 3 scrolls of torment {unknown}
 f - 3 scrolls of magic mapping {unknown}
 h - a scroll of fear {unknown}
 j - a scroll of enchant armour {unknown}
 k - 2 scrolls of teleportation
 n - a scroll of fog {unknown}
 q - 3 scrolls of identify {unknown}
 r - a scroll of blinking {unknown}
 s - a scroll of noise {unknown}
 t - a scroll of enchant weapon
 y - 3 scrolls of immolation
 E - 3 scrolls of vulnerability {unknown}
Potions
 b - a potion of curing {unknown}
 d - a potion of ambrosia {unknown}
 e - 2 potions of haste {unknown}
 i - a potion of brilliance {unknown}
 m - a potion of berserk rage {unknown}
 v - 2 potions of heal wounds {unknown}
 z - a potion of attraction {unknown}
 A - a potion of mutation {unknown}
 C - 2 potions of degeneration {unknown}
 D - a potion of lignification {unknown}
 F - a potion of flight {unknown}
 H - a potion of invisibility {unknown}


   Skills:
 + Level 8.1 Fighting
 * Level 10.7 Axes
 - Level 2.4 Armour
 - Level 2.1 Dodging
 + Level 5.7 Shields


You had 7 spell levels left.
You didn't know any spells.
Your spell library was empty.

Dungeon Overview and Level Annotations

Branches:
Dungeon (6/15)             Temple (0/1) D:4

Altars:
Cheibriados
Makhleb
Okawaru
Ru
Vehumet

Shops:
D:3 *(   D:4 =

Annotations:
D:6 Pikel


Innate Abilities, Weirdness & Mutations

You have a pair of horns on your head.
You reflexively headbutt those who attack you in melee.


Message History

Found a stone staircase leading down.
Found 17 gold pieces.
Pikel the Slaver comes into view.
He is wielding a +0 whip of freezing, wearing a +2 robe of willpower and carrying a wand of mindburst (9).
Pikel shouts!
You hear a shout!
A lemure and a shadow imp come into view.
The lemure shouts!
The shadow imp shouts!
A lemure comes into view. x2
A bullfrog skeleton comes into view.
The lemure shouts! x2
A lemure comes into view.
The lemure shouts!
You block the shadow imp's attack. Pikel misses you.
You see here 17 gold pieces.
You hit Pikel.
Pikel is lightly wounded.
You hit the shadow imp but do no damage.
The shadow imp hits you but does no damage.
Pikel zaps a wand.
Your mind is blasted!
You hit Pikel but do no damage.
Pikel is lightly wounded.
You closely miss the shadow imp. The shadow imp completely misses you.
Pikel barely misses you.
You closely miss Pikel. You headbutt Pikel, but do no damage.
Pikel is lightly wounded.
You closely miss the lemure. You closely miss the shadow imp.
You block the shadow imp's attack. Pikel barely misses you.
You furiously retaliate!
You headbutt Pikel! You block the lemure's attack.
You closely miss Pikel. You headbutt Pikel!
Pikel is almost dead.
You barely miss the shadow imp. You closely miss the lemure.
The shadow imp closely misses you.
Pikel zaps a wand.
Your mind is blasted!
* * * LOW HITPOINT WARNING * * *
The lemure barely misses you. You furiously retaliate!
You headbutt the lemure!
Okay, then.
Press: ? - help, v - describe, . - travel
Here: a lemure (moderately wounded)
The floor.
You barely miss the shadow imp. You barely miss the lemure.
You closely miss Pikel.
Pikel zaps a wand.
Your mind is blasted!
You die...

....#..#.....#
...)........###
...).#....#...##
....).....#....#
...##).........##
..##....#.......# .
..###...........## ...
...##............##.....
....##.#.##....#@55.....
## .....####<..5KZ..#..
....... #..>.55.##
##...........###..#
......## ..# ......# ...
...... ... ...... #..


You could see Pikel, 4 lemures, a shadow imp and a bullfrog skeleton.

Vanquished Creatures
  Maggie (D:6)
  The ghost of Smaepdii the Magician, a novice DjVM of Cheibriados (D:5)
  Sigmund (D:5)
  Edmund (D:5)
  An ogre (D:5)
  A centaur (D:5)
  2 scorpions
  A wyvern skeleton (D:5)
  The ghost of DocClef the Covert, a weakling GnDe (D:3)
  2 howler monkeys
  A bullfrog zombie (D:5)
  2 orc priests
  2 hounds
  2 jellies (D:5)
  2 bullfrog skeletons (D:6)
  A centaur skeleton (D:6)
  An iguana (D:4)
  Ijyb (D:3)
  2 orc wizards
  2 howler monkey zombies (D:5)
  4 gnolls (D:6)
  4 adders
  A shadow imp (D:5)
  2 ufetubi (D:5)
  A worm (D:2)
  3 dart slugs
  13 orcs
  8 ball pythons
  A bat (D:1)
  8 endoplasms
  A giant cockroach (D:2)
  4 goblins
  A hobgoblin (D:1)
  10 jackals
  3 quokkas
  2 frilled lizards
  A jackal skeleton (D:4)
  4 kobolds
  3 rats
102 creatures vanquished.

Vanquished Creatures (others)
  A fungus (D:1)
1 creature vanquished.

Grand Total: 103 creatures vanquished

Notes
Turn   | Place    | Note
-------+----------+-------------------------------------------
     0 | D:1      | rabbitsville the Minotaur Berserker began the quest for the
                  | Orb.
     0 | D:1      | Reached XP level 1. HP: 19/19 MP: 0/0
    94 | D:1      | Reached skill level 4 in Axes
   132 | D:1      | Reached XP level 2. HP: 21/27 MP: 1/1
   358 | D:1      | Found a faded altar of an unknown god.
   825 | D:2      | Reached XP level 3. HP: 18/33 MP: 2/2
  1186 | D:2      | Reached skill level 5 in Axes
  1348 | D:3      | Reached ** piety under Trog
  1410 | D:3      | Reached XP level 4. HP: 31/41 MP: 3/3
  1547 | D:3      | Noticed Ijyb
  1558 | D:3      | Killed Ijyb
  1622 | D:3      | Found Unyn's Antique Weapon Shoppe.
  1876 | D:3      | Found Moalef's General Store.
  1886 | D:3      | Bought a scroll of enchant weapon for 75 gold pieces
  2122 | D:3      | Reached skill level 6 in Axes
  2185 | D:3      | Reached XP level 5. HP: 47/47 MP: 4/4
  2189 | D:3      | Found a runed translucent door.
  2194 | D:3      | Noticed DocClef's ghost (weakling GnDe)
  2210 | D:3      | Killed DocClef's ghost
  2211 | D:3      | Reached skill level 5 in Fighting
  2474 | D:4      | Found a staircase to the Ecumenical Temple.
  2620 | D:4      | Reached skill level 7 in Axes
  2620 | D:4      | Reached skill level 1 in Shields
  2620 | D:4      | Reached XP level 6. HP: 56/56 MP: 5/5
  2692 | D:4      | Found Fulysh's Jewellery Shop.
  2718 | D:4      | Upgraded the game from 0.28-a0-194-g42b4daccc1 to
                  | 0.28-a0-199-g298df9dbad
  2993 | D:5      | Entered Level 5 of the Dungeon
  3259 | D:5      | Reached XP level 7. HP: 63/63 MP: 6/6
  3343 | D:5      | Reached skill level 8 in Axes
  3379 | D:5      | Noticed Edmund
  3394 | D:5      | Killed Edmund
  3659 | D:5      | Found an iron altar of Okawaru.
  3739 | D:5      | Reached *** piety under Trog
  3758 | D:5      | Found a burning altar of Makhleb.
  3781 | D:5      | Noticed Sigmund
  3792 | D:5      | Killed Sigmund
  3793 | D:5      | Reached skill level 9 in Axes
  3793 | D:5      | Reached XP level 8. HP: 60/71 MP: 7/7
  4062 | D:5      | Found a runed translucent gate.
  4062 | D:5      | Found a runed translucent gate.
  4063 | D:5      | Found a runed translucent gate.
  4064 | D:5      | Noticed Smaepdii's ghost (novice DjVM)
  4103 | D:5      | Killed Smaepdii's ghost
  4377 | D:6      | Noticed Maggie
  4381 | D:6      | Found a sacrificial altar of Ru.
  4381 | D:6      | Found a snail-covered altar of Cheibriados.
  4389 | D:6      | Killed Maggie
  4390 | D:6      | Reached skill level 10 in Axes
  4390 | D:6      | Reached skill level 5 in Shields
  4550 | D:6      | Found a radiant altar of Vehumet.
  4702 | D:6      | Noticed Pikel
  4710 | D:6      | Blown up by Pikel

Illustrated notes

Levels and vault maps discovered:
D:1:      eino_arrival_druids_welcome, layout_basic,
          dreamdust_ecumenical_altar_hidden_monk_grotto, skrybe_limestone_x,
          minmay_box_of_dots
D:2:      layout_rooms
D:3:      layout_basic, gammafunk_ghost_grave, serial_shops, shop, shop,
          uniq_ijyb
D:4:      layout_rooms, minmay_temple_entry_sparse_star, corner_web_ring,
          nicolae_stop_n_shop_2, eino_curves_03, kennysheep_generic_room_10
D:5:      layout_loops_ring, nicolae_overflow_crystal_walls,
          general_overflow_altar, ebering_ghost_rock_garden, uniq_edmund,
          uniq_sigmund
D:6:      layout_cave_pools, lemuel_crystal_altar,
          chequers_temple_overflow_statue_of_worship, uniq_maggie, uniq_pikel

Skill      XL: |  1  2  3  4  5  6  7  8 |
---------------+-------------------------+-----
Axes           | 4 5 6 7 9 10 | 10.7
Fighting       | 4 5 6 8 |  8.1
Shields        | 1 2 4 5 |  5.7
Armour         | |  2.4
Dodging        | |  2.1

Action                   |  1- 3 |  4- 6 |  7- 9 || total
-------------------------+-------+-------+-------++-------
Melee: Hand axe          |    83 |   108 |   155 ||   346
       Headbutt          |    16 |    16 |    37 ||    69
Invok: Berserk           |       |     2 |     3 ||     5
       Trog's Hand       |       |       |     1 ||     1
  Use: Scroll            |       |     1 |     1 ||     2
Armor: Chain mail        |    29 |       |       ||    29
       Plate armour      |    11 |    66 |   108 ||   185
Dodge: Dodged            |    44 |    39 |    50 ||   133
Block: Kite shield       |       |    18 |    59 ||    77

Table legend: (Time is in decaauts)
 A = Elapsed time spent in this place.
 B = Non-inter-level travel time spent in this place.
 C = Inter-level travel time spent in this place.
 D = Time resting spent in this place.
 E = Time spent auto-exploring this place.
 F = Levels seen in this place.
 G = Mean time per level.
                   A        B        C        D        E       F      G
               +--------+--------+--------+--------+--------+-----+--------+
         Total |   4776 |   4690 |     86 |    782 |   1473 |   6 |  796.0 |
       Dungeon |   4776 |   4690 |     86 |    782 |   1473 |   6 |  796.0 |
               +--------+--------+--------+--------+--------+-----+--------+

Top non-repeatable levels by time:
     D:5: 1456 daAuts
     D:3: 1019 daAuts
     D:1: 807 daAuts
     D:4: 646 daAuts
     D:2: 539 daAuts
     D:6: 306 daAuts
